 Dungeon Crawl Stone Soup version 0.30-a0-845-g7c6808c8ce (webtiles) character file.

Game seed: 14384397552812081695

8100 Newt the Skirmisher (level 11, 0/60 HPs)
             Began as a Kobold Hunter on Mar 2, 2023.
             Was an Elder of Hepliaklqana.
             Slain by a boulder beetle (20 damage)
             ... on level 11 of the Dungeon on Mar 3, 2023.
             The game lasted 00:13:39 (11013 turns).

Newt the Skirmisher (Kobold Hunter)                Turns: 11013, Time: 00:13:41

Health: 0/60       AC: 12    Str: 14    XL:     11   Next: 49%
Magic:  17/17      EV: 23    Int: 18    God:    Hepliaklqana [****..]
Gold:   819        SH:  0    Dex: 23    Spells: 18/20 levels left

rFire   . . .      SeeInvis .    a - +0 shortbow (flame)
rCold   . . .      Faith    .    (shield currently unavailable)
rNeg    . . .      Spirit   .    c - +0 leather armour
rPois   +          Reflect  .    B - +2 helmet {Int+3}
rElec   .          Rampage  .    D - +2 cloak
rCorr   +                        (no gloves)
Will    .....                    s - +1 pair of boots of the Heavens {rCorr Int+4}
Stlth   +++                      (no amulet)
HPRegen 0.30/turn                n - +6 ring of strength
MPRegen 0.15/turn                o - ring "Pupuj" {rCorr EV+5}

@: no status effects
A: reduced essence, small, no large weapons, nightstalker 3, low MP 1, poison
resistance
a: Renounce Religion, Recall Ancestor, Ancestor Identity, Transference, Idealise


You were on level 11 of the Dungeon.
You worshipped Hepliaklqana.
Hepliaklqana was greatly pleased with you.
You visited 1 branch of the dungeon, and saw 11 of its levels.
You also visited: Sewer and Bailey.

You collected 819 gold pieces.

Inventory:

Hand Weapons
 a - a +0 shortbow of flaming (weapon)
Missiles
 d - 5 curare-tipped darts
Armour
 c - a +0 leather armour (worn)
 p - a +0 pair of boots
 s - the +1 pair of boots of the Heavens (worn) {rCorr Int+4}
   (You found it on level 6 of the Dungeon)

   Int:       It affects your intelligence (+4).
   rCorr:     It protects you from acid and corrosion.
 B - a +2 helmet of intelligence (worn)
 D - a +2 cloak (worn)
 F - a +0 pair of boots of flying
 G - a +2 robe of cold resistance
Jewellery
 n - a +6 ring of strength (left hand)
 o - the ring "Pupuj" (right hand) {rCorr EV+5}
   (You acquired it on level 8 of the Dungeon)

   [ring of evasion]

   EV:        It affects your evasion (+5).
   rCorr:     It protects you from acid and corrosion.
 C - a ring of wizardry
 H - a ring of flight
Wands
 r - a wand of flame (26)
 x - a wand of polymorph (6)
 I - a wand of acid (8)
 J - a wand of digging (7)
Scrolls
 b - 3 scrolls of immolation
 f - 7 scrolls of teleportation
 l - 3 scrolls of fear
 v - a scroll of blinking
 y - a scroll of magic mapping
 z - 3 scrolls of identify
 A - 2 scrolls of amnesia
 K - a scroll of poison
Potions
 e - 9 potions of heal wounds
 g - 4 potions of curing
 h - a potion of lignification
 i - a potion of flight
 k - 2 potions of brilliance
 m - a potion of invisibility
 q - 4 potions of degeneration
 t - 4 potions of magic
 u - a potion of mutation
 w - 2 potions of resistance
 E - a potion of ambrosia


   Skills:
 - Level 7.0 Fighting
 - Level 14.0 Ranged Weapons
 - Level 4.0 Armour
 - Level 6.0 Dodging
 - Level 1.3 Stealth
 - Level 5.2 Spellcasting
 - Level 5.2 Transmutations
 + Level 1.5 Invocations
 - Level 8.2 Evocations


You had 18 spell levels left.
You knew the following spells:

 Your Spells              Type           Power      Damage    Failure   Level
a - Wereblood             Tmut           23%        N/A       2%          2

Your spell library contained the following spells:

 Spells                   Type           Power      Damage    Failure   Level
 Beastly Appendage        Tmut           46%        N/A       1%          1
 Magic Dart               Conj           16%        1d3       16%         1
 Spider Form              Tmut/Pois      14%        N/A       16%         3
 Call Imp                 Summ           4%         N/A       24%         2
 Lesser Beckoning         Tloc           8%         N/A       24%         2
 Ignite Poison            Fire/Tmut/Pois 11%        N/A       24%         3
 Dazzling Flash           Conj/Hex       8%         N/A       43%         3
 Gell's Gravitas          Tloc           4%         N/A       43%         3
 Kindle Blastsparks       Fire/Tloc/Air  8%         2d10      43%         3
 Mephitic Cloud           Conj/Pois/Air  4%         N/A       43%         3
 Teleport Other           Tloc           4%         N/A       43%         3
 Iskenderun's Mystic Bla  Conj/Tloc      4%         2d3       85%         4
 Freezing Cloud           Conj/Ice/Air   2%         6-21      99%         5
 Starburst                Conj/Fire      2%         6d3       100%        6


Dungeon Overview and Level Annotations

Branches:
Dungeon (11/15)             Sewer (visited)          Bailey (visited)
 Temple: D:4-7         Lair: D:8-11         Orc: D:9-12

Altars:
Ashenzari
Elyvilon
Gozag
Hepliaklqana
Kikubaaqudgha
Makhleb
Ru
Sif Muna
Trog
Uskayaw
Vehumet
Wu Jian
Yredelemnul

Shops:
D:8 *


Innate Abilities, Weirdness & Mutations

Your life essence is reduced to manifest your ancestor. (-10% HP)
You are small and have problems with some larger weapons.
You are completely attuned to the shadows.
Your magical capacity is low. (-10% MP)
Your system is resistant to poisons. (rPois)


Message History

Press: ? - help, Shift-Dir - straight line, f/p - boulder beetle
Aim: a boulder beetle (lightly wounded, rolling, ally target)
The roots erupt in riotous growth!
Roots grab the boulder beetle.
Vojtech avoids your attack.
The now-empty wand crumbles to dust.
The grasping roots constrict the boulder beetle.
You hear a howl!
You hear a bark!
You hear a howl!
The boulder beetle struggles to escape constriction. x2
Vojtech hits the boulder beetle with a +0 flail.
Fire: a) +0 shortbow (flame)
Press: ? - help, Q - select action, (/) - cycle Shift-Dir - straight line, f/p - boulder beetle
Aim: a boulder beetle (sparse dust, lightly wounded, rolling, constricted by roots, ally target, 98% to hit)
You shoot an arrow. The arrow hits the boulder beetle.
The arrow burns the boulder beetle.
The boulder beetle is lightly wounded.
The grasping roots constrict the boulder beetle.
The boulder beetle escapes!
The boulder beetle hits you!!
* * * LOW HITPOINT WARNING * * *
The boulder beetle stops rolling and uncurls.
Fire: a) +0 shortbow (flame)
Press: ? - help, Q - select action, (/) - cycle Shift-Dir - straight line, f/p - boulder beetle
Aim: a boulder beetle (lightly wounded, ally target, 92% to hit)
You shoot an arrow.
The arrow hits the boulder beetle but does no damage.
The boulder beetle is lightly wounded.
Vojtech hits the boulder beetle but does no damage.
Fire: a) +0 shortbow (flame)
Press: ? - help, Q - select action, (/) - cycle Shift-Dir - straight line, f/p - boulder beetle
Aim: a boulder beetle (lightly wounded, ally target, 92% to hit)
You shoot an arrow.
The arrow hits the boulder beetle but does no damage.
The boulder beetle is lightly wounded.
The boulder beetle barely misses you.
The boulder beetle curls into a ball and begins rolling!
Vojtech hits the boulder beetle with a +0 flail.
A wolf comes into view.
The wolf misses you.
A hound comes into view.
The boulder beetle hits you!!
You die...

..# ...# #.#.# #.# #..#
#.#.# #. #.# #..# #.#.#
#.###.# ##..# #.#.#
#.....#.## #...###.#.###
#.###....# ##...R°○.....#
#.##...... #..#####B###.#
#.#.#..... ##°†#
#@###.###..###.... #...#
#.h................
##°######........~......##.
#.°........~~~...~.~.... #.
##○#.#####..h≈~~.~~....~.
#. #).#.# ..~≈≈~~.~.~~~ >.
##..°.# #..#### ##.##


You could see a boulder beetle (rolling), a wolf and a hound (wandering).

Vanquished Creatures
  An orc warlord (Bailey)
  Amaemon (D:8)
  Pikel (D:7)
  A gargoyle (D:10)
  An orange demon (D:8)
  A polar bear (D:10)
  A shadow (D:10)
  A yak (D:8)
  A wyvern (D:7)
  2 vampire mosquitoes (D:10)
  An acid dragon (D:10)
  An ice beast (D:6)
  7 orc warriors
  A sky beast (D:7)
  A black bear (D:6)
  An ogre (D:5)
  A centaur (D:6)
  A bullfrog (D:8)
  A scorpion (D:5)
  5 wights (D:7)
  8 killer bees
  6 howler monkeys
  3 jellies (Sewer)
  9 orc priests
  2 hounds
  4 sleepcaps
  An iguana (D:5)
  10 orc wizards
  4 gnolls (D:4)
  6 adders
  2 river rats (Sewer)
  2 shadow imps
  2 white imps
  3 ufetubi (D:5)
  3 worms
  2 dart slugs
  38 orcs
  5 bats
  9 endoplasms
  9 giant cockroaches
  9 hobgoblins
  4 jackals (D:3)
  A quokka (D:6)
  4 ball pythons
  6 frilled lizards
  5 goblins
  18 kobolds
  8 rats
214 creatures vanquished.

Vanquished Creatures (collateral kills)
  A polar bear (D:10)
  A hornet (D:9)
  A wyvern (D:8)
  A vampire mosquito (D:10)
  A water moccasin (D:6)
  A black bear (D:5)
  A kobold brigand (D:8)
  8 killer bees
  A howler monkey (D:10)
  An orc priest (D:10)
  A sleepcap (D:7)
  3 orc wizards
  A gnoll (Bailey)
  An adder (Sewer)
  4 orcs
  A goblin (D:8)
  A quokka (D:6)
  A ball python (Sewer)
  A kobold (D:8)
31 creatures vanquished.

Vanquished Creatures (others)
  5 knights
  2 ancestors
7 creatures vanquished.

Grand Total: 252 creatures vanquished

Notes
Turn   | Place    | Note
-------+----------+-------------------------------------------
     0 | D:1      | Newt the Kobold Hunter began the quest for the Orb.
     0 | D:1      | Reached XP level 1. HP: 12/12 MP: 1/1
   102 | D:1      | Reached XP level 2. HP: 18/18 MP: 2/2
   114 | D:1      | Found a faded altar of an unknown god.
   940 | D:2      | Reached XP level 3. HP: 24/24 MP: 3/3
  1929 | D:3      | Found a white marble altar of Elyvilon.
  2028 | D:3      | Reached XP level 4. HP: 30/30 MP: 4/4
  2165 | D:3      | Found an opulent altar of Gozag.
  2330 | D:3      | Identified the +0 ring mail "Zasuteu" {rPois rC+}
  2407 | D:3      | Found a hide-covered altar of Uskayaw.
  2844 | D:4      | Reached skill level 5 in Fighting
  2934 | D:4      | Reached skill level 6 in Ranged Weapons
  2934 | D:4      | Reached XP level 5. HP: 29/35 MP: 5/5
  3257 | D:4      | Found an ancient bone altar of Kikubaaqudgha.
  3257 | D:4      | Found a hazy altar of Hepliaklqana.
  3445 | D:4      | Became a worshipper of Hepliaklqana the Forgotten
  3691 | D:4      | Reached skill level 7 in Ranged Weapons
  3694 | D:4      | Reached XP level 6. HP: 31/40 MP: 6/6
  4025 | D:5      | Entered Level 5 of the Dungeon
  4030 | D:5      | Noticed an ogre
  4034 | D:5      | Killed an ogre
  4035 | D:5      | Reached skill level 8 in Ranged Weapons
  4049 | D:5      | Reached XP level 7. HP: 36/44 MP: 7/7
  4182 | D:5      | Reached skill level 9 in Ranged Weapons
  4673 | D:5      | Reached * piety under Hepliaklqana
  4739 | D:5      | Reached skill level 10 in Ranged Weapons
  5061 | D:6      | Reached XP level 8. HP: 13/44 MP: 8/8
  5095 | D:6      | Reached skill level 5 in Dodging
  5156 | D:6      | Identified the +1 pair of boots of the Heavens {rCorr
                  | Int+4}
  5314 | D:6      | Found a glowing drain.
  5322 | Sewer    | Entered a sewer
  5418 | Sewer    | Reached skill level 1 in Armour
  5484 | Sewer    | Found a viscous altar of Jiyva.
  6187 | D:7      | Reached XP level 9. HP: 40/48 MP: 9/9
  6236 | D:7      | Noticed Pikel
  6248 | D:7      | Killed Pikel
  6610 | D:7      | Reached ** piety under Hepliaklqana
  6620 | D:7      | Remembered your ancestor Vojtech as a knight
  6777 | D:8      | Found Qijudi's Overcharged Wands.
  6859 | D:8      | Found a flagged portal.
  6865 | Bailey   | Entered a bailey
  6920 | Bailey   | Reached skill level 11 in Ranged Weapons
  6989 | Bailey   | Found a runed translucent gate.
  6990 | Bailey   | Found a runed translucent gate.
  6991 | Bailey   | Found a runed translucent gate.
  7003 | Bailey   | Reached XP level 10. HP: 56/56 MP: 10/10
  7056 | Bailey   | Noticed an orc warlord
  7166 | Bailey   | Killed an orc warlord
  7167 | Bailey   | Reached skill level 13 in Ranged Weapons
  7247 | D:8      | Acquired the ring "Pupuj" {rCorr EV+5}
  7254 | D:8      | Found a radiant altar of Vehumet.
  7297 | D:8      | Noticed an orange demon
  7301 | D:8      | Noticed Amaemon
  7317 | D:8      | Killed Amaemon
  7318 | D:8      | Reached skill level 14 in Ranged Weapons
  7320 | D:8      | Killed an orange demon
  8170 | D:7      | Learned a level 2 spell: Wereblood
  8384 | D:8      | Found a large runed translucent door.
  8387 | D:8      | Found a large runed translucent door.
  8402 | D:8      | Found a shimmering blue altar of Sif Muna.
  8496 | D:8      | Found a broken altar of Ashenzari.
  8561 | D:8      | Reached skill level 1 in Spellcasting
  8561 | D:8      | Reached skill level 1 in Transmutations
  8668 | D:8      | Found a sacrificial altar of Ru.
  8788 | D:9      | Reached *** piety under Hepliaklqana
  8790 | D:9      | Gained mutation: You have large cloven feet. [potion of
                  | mutation]
  8791 | D:9      | Lost mutation: You have large cloven feet. [potion of
                  | mutation]
  8791 | D:9      | Gained mutation: You sometimes lose your temper in combat.
                  | [potion of mutation]
  8791 | D:9      | Gained mutation: You have an increased reservoir of magic.
                  | (+10% MP) [potion of mutation]
  8792 | D:9      | Lost mutation: You sometimes lose your temper in combat.
                  | [potion of mutation]
  8792 | D:9      | Lost mutation: You have an increased reservoir of magic.
                  | (+10% MP) [potion of mutation]
  8792 | D:9      | Gained mutation: Your magical capacity is low. (-10% MP)
                  | [potion of mutation]
  8792 | D:9      | Gained mutation: Your system is resistant to poisons.
                  | (rPois) [potion of mutation]
  8851 | D:9      | Found a basalt altar of Yredelemnul.
  9141 | D:9      | Reached XP level 11. HP: 60/60 MP: 11/13
  9212 | D:9      | Found a burning altar of Makhleb.
  9216 | D:9      | Noticed a green death
  9317 | D:9      | Found an ornate altar of the Wu Jian Council.
  9477 | D:10     | Entered Level 10 of the Dungeon
  9800 | D:10     | Found a bloodstained altar of Trog.
  9914 | D:10     | Reached skill level 5 in Spellcasting
  9914 | D:10     | Reached skill level 5 in Transmutations
 10130 | D:10     | Reached **** piety under Hepliaklqana
 10912 | D:11     | Reached skill level 1 in Invocations
 10956 | D:11     | Noticed a boulder beetle
 11013 | D:11     | Slain by a boulder beetle

Illustrated notes

Levels and vault maps discovered:
D:1:      zelgadis_glass_arrival_small, layout_basic,
          ebering_ecumenical_altar_box, serial_forest,
          infiniplex_forest_corner_1, infiniplex_forest_lined_corner,
          infiniplex_forest_clump_tiny, infiniplex_forest_lined_room_2,
          infiniplex_forest_clump_small, infiniplex_forest_corner_1,
          infiniplex_forest_corner_1, minmay_misc_feat_secret_circle,
          minmay_misc_feat_hallway, st_stairs_12
D:2:      layout_basic, roderic_nine_men_s_morris, roderic_cross_of_infinity
D:3:      layout_basic, mainiacjoe_overflow_tiny_flanked,
          mainiacjoe_overflow_chevrons, mainiacjoe_overflow_brackets,
          kennysheep_generic_room_10
D:4:      layout_loops_ring, minitemple
D:5:      layout_basic
D:6:      layout_loops_ring, portal_sewer_entry_f
D:7:      layout_loops_ring, temple_hall, uniq_pikel
D:8:      layout_loops_ring, jmf_multi_god_temple2, vehumet_altar_wand_db,
          nicolae_sif_muna_little_library, enter_bailey_4,
          nicolae_shop_overcharged_wands, uniq_amaemon
D:9:      layout_cave_pools, makhleb_altar_promises_db,
          yredelemnul_altar_generic, kennysheep_little_box
D:10:     minmay_goldmine, layout_irregular_city, trog_ov_bears_minmay
D:11:     minmay_the_grid_triangle_9x9_recursive_3_mashed
          [minmay_the_grid_triangle_9x9_stretched_checkered,
          minmay_the_grid_triangle_9x9_alien,
          minmay_the_grid_triangle_9x9_sparse_checkered,
          minmay_the_grid_triangle_9x9_prize_center,
          minmay_the_grid_triangle_9x9_empty,
          minmay_the_grid_triangle_9x9_impossible_snake,
          minmay_the_grid_triangle_9x9_flanged_cone,
          minmay_the_grid_triangle_9x9_subtriangle,
          minmay_the_grid_triangle_9x9_odd_lines], layout_loops_ring,
          erik_lair_island

Skill      XL: |  1  2  3  4  5  6  7  8  9 10 11 |
---------------+----------------------------------+-----
Fighting       | 3 4 5 7 |  7.0
Ranged Weapons | 6 7 8 10 11 14 | 14.0
Dodging        | 4 6 |  6.0
Armour         | 4 |  4.0
Evocations     | 2 6 8 |  8.2
Spellcasting   | 2 5 |  5.2
Transmutations | 2 5 |  5.2
Invocations    | 1 |  1.5
Stealth        | |  1.3

Action                     |  1- 3 |  4- 6 |  7- 9 | 10-12 || total
---------------------------+-------+-------+-------+-------++-------
  Melee: Shortbow          |       |     5 |       |     2 ||     7
   Fire: Shortbow          |    69 |    86 |   268 |   320 ||   743
   Cast: Wereblood         |       |       |       |     5 ||     5
 Invoke: Recall Ancestor   |       |       |     1 |       ||     1
         Ancestor Life: Kn |       |       |     1 |       ||     1
  Evoke: Wand              |       |     3 |     2 |     6 ||    11
    Use: Scroll            |     7 |     3 |     8 |     7 ||    25
         Potion            |       |       |     1 |     4 ||     5
 Armour: Leather armour    |     3 |    15 |    20 |    41 ||    79
  Dodge: Dodged            |    13 |    51 |    88 |   223 ||   375

Table legend: (Time is in decaauts)
 A = Elapsed time spent in this place.
 B = Non-inter-level travel time spent in this place.
 C = Inter-level travel time spent in this place.
 D = Time resting spent in this place.
 E = Time spent auto-exploring this place.
 F = Levels seen in this place.
 G = Mean time per level.
                   A        B        C        D        E       F      G
               +--------+--------+--------+--------+--------+-----+--------+
         Total |  11054 |  10520 |    534 |    926 |   7828 |  13 |  850.3 |
       Dungeon |  10422 |   9888 |    534 |    884 |   7464 |  11 |  947.5 |
         Sewer |    288 |    288 |      0 |      0 |    199 |   1 |  288.0 |
        Bailey |    343 |    343 |      0 |     42 |    165 |   1 |  343.0 |
               +--------+--------+--------+--------+--------+-----+--------+

Top non-repeatable levels by time:
    D:10: 1350 daAuts
     D:8: 1293 daAuts
     D:4: 1271 daAuts
     D:6: 1015 daAuts
     D:2: 1007 daAuts
     D:7: 1003 daAuts
     D:1: 917 daAuts
     D:3: 870 daAuts
     D:5: 853 daAuts
     D:9: 682 daAuts
  Bailey: 343 daAuts
   Sewer: 288 daAuts
    D:11: 157 daAuts
